 Dungeon Crawl Stone Soup version 0.21-a0-522-ga8338f0 (webtiles) character file.

4092 slep the Cleaver (level 10, -7/53 HPs)
             Began as a Vine Stalker Fighter on Dec 7, 2017.
             Was an Elder of Okawaru.
             Mangled by a crocodile (14 damage)
             ... on level 7 of the Dungeon.
             The game lasted 00:24:17 (5870 turns).

slep the Cleaver (Vine Stalker Fighter)             Turns: 5870, Time: 00:24:18

Health: -7/53      AC: 10    Str: 23    XL:     10   Next: 26%
Magic:  0/11       EV: 11    Int:  8    God:    Okawaru [****..]
Gold:   422        SH: 10    Dex: 13    Spells: 9/9 levels left

rFire    + . .     SeeInvis .   a - +0 war axe
rCold    . . .     Gourm    .   c - +0 shield
rNeg     . . .     Faith    .   J - +3 leather armour
rPois    .         Spirit   +   n - +2 helmet
rElec    .         Reflect  .   (no cloak)
rCorr    .         Harm     .   G - +1 pair of gloves {Str+3}
MR       ++...     Clarity  +   (no boots)
Stlth    ++........             (no amulet)
HPRegen  0.57/turn              D - -3 ring of dexterity (curse)
MPRegen  0.12/turn              d - ring of protection from fire

@: no status effects
A: fangs 3, hooves 1, clarity, deformed body, magic resistance 1, regeneration
1, magic shield, antimagic bite, no potion heal 3, rot immunity
a: Heroism, Renounce Religion


You were on level 7 of the Dungeon.
You worshipped Okawaru.
Okawaru was greatly pleased with you.
You were not hungry.

You visited 1 branch of the dungeon, and saw 8 of its levels.

You collected 461 gold pieces.
You spent 39 gold pieces at shops.

Inventory:

Hand Weapons
 a - a +0 war axe (weapon)
Missiles
 o - 5 poisoned tomahawks (quivered)
 q - 18 sling bullets
Armour
 b - a +0 scale mail
 c - a +0 shield (worn)
 e - a +0 helmet
 n - a +2 helmet (worn)
 G - a +1 pair of gloves of strength (worn)
 J - a +3 leather armour (worn)
Jewellery
 d - a ring of protection from fire (right hand)
 D - a cursed -3 ring of dexterity (left hand)
 M - an uncursed ring of see invisible
Wands
 B - a wand of digging (14)
 L - a wand of acid (3)
Scrolls
 i - a scroll of immolation {unknown}
 j - a scroll of magic mapping {unknown}
 l - 6 scrolls of remove curse
 m - 2 scrolls of random uselessness {unknown}
 p - 4 scrolls of identify {unknown}
 r - a scroll of enchant weapon {unknown}
 t - a scroll of blinking {unknown}
 w - 2 scrolls of fog {unknown}
 x - 2 scrolls of noise {unknown}
 y - a scroll of fear {unknown}
 F - 2 scrolls of vulnerability {unknown}
 H - 2 scrolls of teleportation {unknown}
Potions
 k - 2 potions of flight
 v - a potion of heal wounds
 z - a potion of cancellation
 A - a potion of magic {unknown}
 C - 2 potions of curing
 I - a potion of mutation {unknown}
 N - 2 potions of ambrosia {unknown}
Books
 K - a book of Callings

   Spells                             Type                      Level
   a - Summon Small Mammal            Summoning                    1
   b - Call Imp                       Summoning                    2
   c - Call Canine Familiar           Summoning                    3
   d - Summon Guardian Golem          Hexes/Summoning              3
   e - Summon Lightning Spire         Summoning/Air                4
   f - Summon Ice Beast               Ice/Summoning                4
Comestibles
 f - 6 bread rations
 g - 6 meat rations
 h - 4 fruits
 s - 3 royal jellies
 E - a chunk of flesh


   Skills:
 + Level 6.1 Fighting
 + Level 9.5 Axes
 + Level 4.1 Armour
 + Level 3.8 Dodging
 + Level 2.3 Stealth
 + Level 5.5 Shields


You had 9 spell levels left.
You didn't know any spells.

Dungeon Overview and Level Annotations

Branches:
Dungeon (8/15)             Temple (0/1) D:6
   Lair: D:8-11

Altars:
Cheibriados
Fedhas
Hepliaklqana
Okawaru
Ru
Sif Muna
Trog
Uskayaw
Xom
Yredelemnul
Zin
The Shining One

Shops:
D:5 ?   D:7 }


Innate Abilities, Weirdness & Mutations

You have razor-sharp teeth.
Your natural rate of healing is unusually fast.
When hurt, damage is shared between your health and your magic reserves.
Your bite disrupts and absorbs the magic of your enemies.
Potions cannot restore your health.
You are immune to rotting.
You have large cloven feet.
You possess an exceptional clarity of mind.
Armour fits poorly on your strangely shaped body.
You are resistant to hostile enchantments. (MR+)


Message History

You closely miss the porcupine.
You kick the porcupine, but do no damage.
Your bite misses the porcupine.
The porcupine is heavily wounded.
You hit the crocodile. The porcupine misses you. The crocodile misses you.
You are struck by the porcupine's spines.
* * * LOW HITPOINT WARNING * * *
You hit the porcupine but do no damage. You bite the porcupine.
You drain its power.
You feel invigorated.
The porcupine is severely wounded.
You hit the crocodile. The porcupine barely misses you.
The crocodile bites you.
* * * LOW HITPOINT WARNING * * *
The porcupine closely misses you. You block the crocodile's attack.
You block the porcupine's attack.
You climb upwards.
There is a stone staircase leading down, spattered with blood here.
The crocodile closely misses you. The crocodile bites you!
You die...

..#....#≈≈≈.≈≈≈#......#
#.....
..######≈≈...≈≈#......#
#.....
..#....#≈≈._.≈≈#.###'##
#.....
..#....#≈≈...≈≈#.#....#
#...>.
..#....#≈≈≈≈≈≈≈#.#....#
##....
..#....##≈≈≈≈≈##.#....#
##....
..#.....#######..######
#.....
..#.......########...##
#.....
###.......#...'.@.r...#
#.....
..........#...#..t.†..#
#.....
..........'...#.......#
#.....
..........#...#########
#...<.
..........#...##.....##
#.....
..........#...#.......#
#.)).>
..........+...#.......#
#..)..
..........#...#.......#
#.....
###.......##'###'######
#.....


You could see a crocodile and a porcupine.

Vanquished Creatures
  The ghost of CanOfBees the Fighter, a novice OgFE of Okawaru (D:7)
  A hippogriff (D:8)
  6 yaks
  3 water moccasins
  2 porcupines
  A black bear (D:7)
  An ice beast (D:7)
  A sky beast (D:6)
  A phantom (D:7)
  3 centaurs (D:7)
  An ogre (D:4)
  A necrophage (D:6)
  A big kobold (D:6)
  2 bullfrogs
  A scorpion (D:4)
  2 bullfrog zombies
  2 crimson imps
  2 jellies
  3 orc priests
  Ijyb (D:4)
  A hound (D:8)
  2 iguanas
  5 worker ants
  3 orc wizards (D:7)
  A hound zombie (D:6)
  3 hound skeletons (D:7)
  A howler monkey zombie (D:7)
  4 gnolls (D:6)
  A howler monkey skeleton (D:7)
  7 adders
  A shadow imp (D:6)
  An adder skeleton (D:4)
  A worm (D:2)
  7 leopard geckos
  13 orcs
  4 bats
  5 giant cockroaches
  10 goblins
  16 hobgoblins
  6 jackals (D:6)
  18 kobolds
  2 quokkas
  2 ball pythons
  2 frilled lizards
  2 quokka skeletons (D:6)
  A quokka zombie (D:5)
  6 rats
  3 plants (D:2)
164 creatures vanquished.

Notes
Turn   | Place    | Note
-------+----------+-------------------------------------------
     0 | D:1      | slep the Vine Stalker Fighter began the quest for the Orb.
     0 | D:1      | Reached XP level 1. HP: 11/11 MP: 2/2
   256 | D:1      | Reached XP level 2. HP: 12/16 MP: 3/3
   431 | D:1      | Reached skill level 2 in Axes
   848 | D:2      | Reached XP level 3. HP: 17/20 MP: 2/4
  1271 | D:2      | Gained mutation: Your natural rate of healing is unusually fast. [Vine Stalker growth]
  1271 | D:2      | Reached XP level 4. HP: 23/24 MP: 5/5
  1997 | D:3      | Found a hazy altar of Hepliaklqana.
  1998 | D:3      | Found a shimmering altar of Xom.
  1998 | D:3      | Noticed a thorn hunter
  1999 | D:3      | Noticed a spectral ugly thing
  1999 | D:3      | Noticed a thorn hunter
  2079 | D:3      | Found a basalt altar of Yredelemnul.
  2079 | D:3      | Found a hide-covered altar of Uskayaw.
  2310 | D:3      | Reached skill level 3 in Axes
  2310 | D:3      | Reached XP level 5. HP: 21/28 MP: 4/6
  2696 | D:4      | Noticed Ijyb
  2713 | D:4      | Killed Ijyb
  2747 | D:4      | Reached XP level 6. HP: 29/32 MP: 5/7
  2757 | D:4      | Found a bloodstained altar of Trog.
  2780 | D:4      | Reached skill level 4 in Axes
  2863 | D:5      | Entered Level 5 of the Dungeon
  2866 | D:5      | Reached skill level 1 in Dodging
  3073 | D:5      | Found Ephuxu's Magic Scroll Emporium.
  3076 | D:5      | Bought a scroll of remove curse for 39 gold pieces
  3087 | D:5      | Found a snail-covered altar of Cheibriados.
  3089 | D:5      | Found an iron altar of Okawaru.
  3091 | D:5      | Found a glowing golden altar of the Shining One.
  3093 | D:5      | Found a sacrificial altar of Ru.
  3093 | D:5      | Found a blossoming altar of Fedhas.
  3094 | D:5      | Found a glowing silver altar of Zin.
  3097 | D:5      | Became a worshipper of Warmaster Okawaru
  4126 | D:6      | Noticed a water moccasin
  4142 | D:6      | Killed a water moccasin
  4142 | D:6      | Reached skill level 5 in Axes
  4142 | D:6      | Reached XP level 7. HP: 21/37 MP: 4/8
  4240 | D:6      | Reached * piety under Okawaru
  4244 | D:6      | Gained mutation: You have large cloven feet. [mutagenic meat]
  4245 | D:6      | Gained mutation: You are resistant to hostile enchantments. (MR+) [mutagenic meat]
  4246 | D:6      | Gained mutation: Armour fits poorly on your strangely shaped body. [mutagenic meat]
  4247 | D:6      | Gained mutation: You possess an exceptional clarity of mind. [mutagenic meat]
  4340 | D:6      | Found a staircase to the Ecumenical Temple.
  4463 | D:6      | Gained mutation: You have razor-sharp teeth. [Vine Stalker growth]
  4463 | D:6      | Reached XP level 8. HP: 40/42 MP: 9/9
  4513 | D:6      | Reached skill level 6 in Axes
  4971 | D:7      | Reached skill level 1 in Stealth
  4993 | D:7      | Reached ** piety under Okawaru
  5111 | D:7      | Reached skill level 7 in Axes
  5146 | D:7      | Reached XP level 9. HP: 46/46 MP: 10/10
  5179 | D:7      | Found Goruhih's Gadget Emporium.
  5279 | D:7      | Noticed CanOfBees's ghost (novice OgFE)
  5302 | D:7      | Killed CanOfBees's ghost
  5302 | D:7      | Reached *** piety under Okawaru
  5302 | D:7      | Reached skill level 5 in Fighting
  5302 | D:7      | Reached skill level 8 in Axes
  5302 | D:7      | Reached skill level 5 in Shields
  5331 | D:7      | Found a deep blue altar of Sif Muna.
  5618 | D:8      | Reached skill level 9 in Axes
  5618 | D:8      | Reached XP level 10. HP: 12/53 MP: 5/11
  5767 | D:7      | Reached **** piety under Okawaru
  5870 | D:7      | Mangled by a crocodile

Vault maps used:
D:1:      minmay_arrival_stair_chambers, minmay_tall_x
D:2:      serial_forest, infiniplex_forest_end_3, infiniplex_forest_straight_1,
          infiniplex_forest_end_2, infiniplex_forest_zigzag_1,
          infiniplex_forest_clump_long, infiniplex_forest_lined_corner,
          infiniplex_forest_end_2
D:3:      regret_index_temple_of_mockery,
          chequers_temple_overflow_statue_of_worship
D:4:      trog_hazing_becter, uniq_ijyb
D:5:      grunt_temple_overflow_open, serial_shops, shop, first_bread,
          minmay_misc_feat_columns
D:6:      minmay_temple_entry_crystal_x, minmay_misc_feat_tiny,
          grunt_ministairs_12
D:7:      led_sif_pool, serial_shops, shop
D:8:      evilmike_ruin_ashenzari, minmay_lair_entry_grove, david_nohive_1

Skill      XL: |  1  2  3  4  5  6  7  8  9 10 |
---------------+-------------------------------+-----
Axes           | 2 3 5 7 9 |  9.5
Fighting       | 3 4 5 6 |  6.1
Shields        | 3 4 5 |  5.5
Armour         | 3 4 |  4.1
Dodging        | 1 2 3 |  3.8
Stealth        | 1 2 |  2.3

Action                   |  1- 3 |  4- 6 |  7- 9 | 10-12 || total
-------------------------+-------+-------+-------+-------++-------
Melee: War axe           |    83 |   194 |   213 |    27 ||   517
       Bite              |    21 |    61 |    65 |     7 ||   154
       Kick              |       |       |    54 |    13 ||    67
Throw: Throwing net      |       |     1 |       |       ||     1
  Use: Potion            |       |       |     7 |       ||     7
 Stab: Held in net/web   |       |     1 |       |       ||     1
       Sleeping          |       |       |     1 |       ||     1
  Eat: Chunk             |     1 |     8 |    11 |     1 ||    21
Armor: Scale mail        |    34 |    68 |    14 |       ||   116
       Leather armour    |       |       |    69 |     9 ||    78
Dodge: Dodged            |    22 |    42 |    92 |    19 ||   175
Block: Shield            |    35 |    86 |   110 |    17 ||   248

Table legend:
 A = Spawn XP
 B = Non-spawn XP
 C = Spawn XP percentage of total XP
 D = Spawn monster count
 E = Non-spawn monster count
 F = Spawn count percentage of total count
 G = Total turns spent on level
                    A         B        C        D         E        F      G
               +---------+---------+-------+---------+---------+-------+---------
         Total |       0 |    5846 |   0.0 |       0 |     161 |   0.0 |  5870
               +---------+---------+-------+---------+---------+-------+---------
           D:1 |       0 |      21 |   0.0 |       0 |      14 |   0.0 |   838
           D:2 |       0 |      70 |   0.0 |       0 |      25 |   0.0 |   867
           D:3 |       0 |      80 |   0.0 |       0 |      20 |   0.0 |   849
           D:4 |       0 |     344 |   0.0 |       0 |      17 |   0.0 |   852
           D:5 |       0 |      76 |   0.0 |       0 |       6 |   0.0 |   716
           D:6 |       0 |     908 |   0.0 |       0 |      36 |   0.0 |   835
           D:7 |       0 |    3086 |   0.0 |       0 |      34 |   0.0 |   812
           D:8 |       0 |    1261 |   0.0 |       0 |       9 |   0.0 |   101
               +---------+---------+-------+---------+---------+-------+---------
